Map: Dusk Towers

Players

LilDicky

  • Race: Terran Terran
  • League: Diamond

AbsoluteZero - Winner!

  • Race: Zerg Zerg
  • League: Diamond

VOD

http://www.twitch.tv/tumescentpie

Description

Time

  • Played on: Dec. 8, 2015, 12:20 a.m.
  • Length: 13:19
Show
View Real Time Build Order
Export as new Build Order

LilDicky Terran 

Build Orders:  

Get SALT Encoding   

  12  0:03  SCV  
  13  0:15  SCV  
  13  0:19  Supply Depot  
  14  0:27  SCV  
  15  0:33  Refinery  
  15  0:41  SCV  
  16  0:49  Barracks  
  16  0:53  SCV  
  17  1:14  SCV  
  18  1:37  Orbital Command  
  18  1:43  Command Center, Barracks Reactor  
  18  2:02  Supply Depot, SCV  
  19  2:09  Refinery  
  19  2:10  Factory  
  19  2:16  SCV  
  19  2:20  Marine  
  21  2:27  Marine  
  21  2:28  SCV  
  23  2:38  Marine  
  23  2:40  SCV  
  25  2:45  Marine  
  26  2:52  SCV  
  26  2:55  Factory Tech Lab  
  26  2:56  Marine  
  28  3:00  Armory  
  28  3:03  Marine  
  29  3:07  Starport  
  29  3:08  Factory Tech Lab  
  29  3:14  Marine  
  29  3:19  Orbital Command  
  30  3:26  SCV  
  31  3:29  Marine  
  31  3:32  Marine  
  33  3:38  SCV  
  33  3:39  Supply Depot  
  34  3:47  Marine  
  35  3:49  Marine  
  35  3:55  Thor  
  42  4:00  Medivac  
  44  4:03  SCV  
  44  4:04  SCV  
  46  4:12  Liberator  
  46  4:14  Supply Depot  
  46  4:25  SCV x2, Marine x2  
  53  4:35  Supply Depot  
  53  4:38  SCV x2, Refinery  
  55  4:41  Refinery  
  55  4:45  Supply Depot  
  56  4:59  SCV  
  58  5:02  Marine  
  58  5:03  Thor  
  58  5:07  Marine  
  63  5:09  SCV  
  65  5:17  Medivac  
  65  5:20  Supply Depot, Marine  
  68  5:24  Marine  
  69  5:44  Liberator  
  69  6:24  Thor  
  64  7:04  Marine x2  
  66  7:08  Thor  
  66  7:11  Factory x2  
  66  7:14  SCV  
  66  7:15  Terran Vehicle And Ship Armor Level 1  
  75  7:18  SCV  
  75  7:19  Armory  
  75  7:22  Command Center, Supply Depot  
  76  7:23  Supply Depot  
  76  7:26  SCV  
  76  7:27  Viking  
  76  7:28  Marine x2  
  79  7:30  SCV  
  80  7:54  SCV  
  80  7:55  SCV  
  80  7:56  Factory Tech Lab  
  80  7:57  Factory Tech Lab  
  82  8:03  Thor  
  82  8:05  Starport Tech Lab  
  88  8:18  Supply Depot, SCV  
  88  8:19  Terran Vehicle Weapons Level 1  
  89  8:20  Marine  
  89  8:23  Thor x2  
  102  8:33  SCV x2  
  105  8:42  Marine  
  105  8:43  Marine  
  105  8:45  SCV  
  107  8:51  Supply Depot  
  107  8:52  Thor  
  107  8:53  Banshee, Cloaking Field  
  116  9:00  Marine x2  
  116  9:02  Orbital Command  
  118  9:11  Thor  
  124  9:20  Engineering Bay  
  124  9:40  Banshee  
  124  9:41  Thor  
  133  9:47  Supply Depot  
  133  9:49  Terran Infantry Weapons Level 1  
  133  9:51  SCV x3  
  136  9:53  Missile Turret  
  131  10:27  Missile Turret  
  131  10:29  Command Center, Thor  
  131  10:30  Missile Turret  
  131  10:34  SCV x2  
  131  10:35  SCV, Refinery, Missile Turret  
  140  10:36  Refinery  
  55  11:25  Thor x3  
  73  11:37  SCV  
  72  11:41  Marine  
  72  11:42  Marine  
  72  11:43  SCV, Hi-Sec Auto Tracking  
  75  11:47  Planetary Fortress  
  75  12:01  Supply Depot  
  75  12:07  Thor  
  75  12:08  Thor  
  87  12:19  Thor  
  93  12:50  Marine x2  
  93  12:51  Supply Depot  
  107  12:53  SCV  
Show
View Real Time Build Order
Export as new Build Order

AbsoluteZero Zerg - Winner!

Build Orders: Hatch First 

Get SALT Encoding   

  12  0:01  Drone  
  13  0:08  Drone  
  14  0:17  Overlord  
  14  0:28  Drone, Extractor x2  
  13  0:29  Drone  
  16  0:35  Drone  
  17  0:44  Drone  
  18  1:01  Hatchery  
  18  1:02  Drone  
  18  1:16  Spawning Pool  
  17  1:19  Extractor  
  17  1:20  Drone  
  17  1:23  Drone  
  18  1:28  Drone  
  19  1:43  Overlord  
  19  1:52  Drone  
  20  2:02  Queen  
  20  2:04  Drone  
  23  2:11  Drone  
  23  2:12  Queen  
  23  2:14  Drone  
  27  2:20  Metabolic Boost  
  27  2:21  Drone  
  28  2:27  Zergling x2  
  29  2:32  Zergling x2  
  30  2:41  Zergling x2  
  31  2:48  Drone x2  
  33  2:54  Overlord  
  33  3:07  Drone x3  
  33  3:12  Queen x2  
  36  3:15  Overlord  
  40  3:25  Drone x2  
  40  3:26  Drone x2  
  44  3:44  Extractor  
  44  3:45  Extractor  
  44  3:46  Drone x3, Extractor  
  44  3:47  Drone  
  45  3:49  Lair  
  45  4:07  Drone x3  
  45  4:08  Drone x3  
  45  4:09  Drone  
  52  4:10  Overlord  
  52  4:30  Roach Warren  
  51  4:32  Evolution Chamber  
  51  4:33  Evolution Chamber  
  51  4:34  Drone x2  
  51  4:35  Drone  
  51  4:37  Overlord x2  
  52  4:58  Zerg Missile Weapons Level 1, Nydus Network  
  52  4:59  Zerg Ground Armor Level 1  
  51  5:04  Drone x4  
  55  5:14  Roach  
  55  5:15  Roach x5  
  55  5:16  Glial Reconstitution  
  55  5:20  Hatchery  
  66  5:34  Roach  
  66  5:35  Roach x4  
  75  5:55  Overlord x3  
  74  6:13  Zergling x8  
  74  6:14  Zergling x2  
  74  6:15  Zergling x2  
  74  6:16  Ravager x3  
  78  6:29  Queen  
  78  6:32  Overseer  
  78  6:33  Roach  
  78  6:34  Roach  
  82  6:41  Roach  
  84  7:04  Overlord  
  84  7:05  Overlord x2  
  84  7:09  Zerg Ground Armor Level 2, Zerg Missile Weapons Level 2  
  84  7:26  Roach x8  
  100  7:32  Nydus Canal  
  100  7:34  Roach  
  100  7:35  Roach  
  104  8:04  Hatchery  
  104  8:05  Overlord x4  
  103  8:06  Overlord, Baneling Nest  
  102  8:25  Zergling x2  
  102  8:26  Zergling x16  
  111  8:48  Hydralisk Den  
  111  8:49  Centrifical Hooks  
  111  8:52  Baneling x5  
  111  8:53  Baneling x2  
  104  9:48  Nydus Canal  
  104  9:49  Hydralisk  
  104  9:50  Hydralisk x16  
  138  10:03  Overlord x4  
  138  10:04  Overlord x2  
  138  10:09  Extractor  
  123  10:14  Extractor  
  122  10:23  Hydralisk x4  
  122  10:24  Hydralisk x2  
  134  10:32  Infestation Pit  
  133  10:37  Hydralisk x2  
  133  10:38  Hydralisk x5  
  94  11:21  Drone x3  
  94  11:22  Drone x3  
  94  11:23  Drone x5  
  94  11:24  Drone  
  94  11:25  Overlord  
  106  11:32  Hydralisk x4, Roach, Muscular Augments  
  114  11:33  Roach x3  
  114  11:38  Ravager x3  
  114  11:39  Ravager  
  126  12:01  Hydralisk x3  
  126  12:02  Roach x4  
  126  12:03  Hatchery  
  126  12:05  Ravager x2  
  141  12:15  Hydralisk  
  141  12:16  Roach x3  
  149  12:28  Nydus Canal  
  149  12:36  Roach  
  149  12:37  Roach x4  
  159  12:41  Ravager x3  
Tags
 
Add a new tag
Caveats
  • Supply blocks, unpowered buildings, or Contaminate may cause inaccurate times.
  • Supply counts are checked every 10 seconds.